 Dungeon Crawl Stone Soup version 0.29.1-14-g9c671dbff4 (webtiles) character file.

Game seed: 9723777705680953041

0 croobank the Sneak (level 1, -24/16 HPs)
             Began as an Octopode Delver on Feb 12, 2023.
             Killed by an exploding scorpion (26 damage)
             ... ignited by their inner flame
             ... on level 4 of the Dungeon.
             The game lasted 00:01:54 (250 turns).

croobank the Sneak (Octopode Delver)                 Turns: 250, Time: 00:01:54

Health: -24/16     AC:  1    Str: 11    XL:     1   Next: 0%
Magic:  1/1        EV: 13    Int: 12    God:
Gold:   9          SH:  0    Dex: 13    Spells: 0/0 levels left

rFire   . . .      SeeInvis .   a - +0 hand axe
rCold   . . .      Faith    .   (no shield)
rNeg    . . .      Spirit   .   (helmet restricted)
rPois   .          Reflect  .   (no amulet)
rElec   .          Harm     .   (no ring)
rCorr   .          Rampage  .   (no ring)
Will    .....                   (no ring)
Stlth   ++++......              (no ring)
HPRegen 0.05/turn               (no ring)
MPRegen 0.07/turn               (no ring)
                                (no ring)
                                (no ring)

@: lethally poisoned (-24 -> -33)
A: almost no armour, amphibious, 8 rings, camouflage 1, gelatinous body 1,
(nimble swimmer 1), tentacles
a: no special abilities


You were on level 4 of the Dungeon.
You visited 1 branch of the dungeon, and saw 4 of its levels.

You collected 9 gold pieces.

Inventory:

Hand Weapons
 a - a +0 hand axe (weapon)
Wands
 d - a wand of flame (16)
 f - a wand of digging (3)
Scrolls
 b - a scroll of fog


   Skills:
 + Level 3.0 Fighting
 + Level 2.0 Axes
 + Level 2.0 Dodging
 + Level 6.6 Stealth


You couldn't memorise any spells.
You didn't know any spells.
Your spell library was empty.

Dungeon Overview and Level Annotations

Branches:
Dungeon (7/15)
 Temple: D:4-7

Altars:
Cheibriados
Dithmenos


Innate Abilities, Weirdness & Mutations

You cannot wear most types of armour.
You are amphibious.
You can wear up to eight rings at the same time.
Your skin changes colour to match your surroundings (Stealth+).
Your rubbery body absorbs attacks. (AC +1, EV +1)
((You are camouflaged when in or above water. (Stealth+)))
You have tentacles for arms and can constrict up to eight enemies at once.


Message History

You see here 6 stones.
A scorpion comes into view.
You see here 6 stones.
There is a stone staircase leading down here.
An adder comes into view.
You hit the scorpion. You grab the scorpion.
The scorpion is lightly wounded.
You constrict the scorpion. The scorpion barely misses you.
The scorpion misses you.
You barely miss the scorpion.
The scorpion is lightly wounded.
You constrict the scorpion, but do no damage.
The scorpion barely misses you.
You hit the scorpion but do no damage.
The scorpion is lightly wounded.
You constrict the scorpion, but do no damage.
The scorpion stings you but does no damage.
The scorpion stings you.
You are lethally poisoned!
The scorpion poisons you!
You aren't carrying any potions.
As you read the scroll labelled CIJAFU IXEUQ, it crumbles to dust.
The creatures around you are filled with an inner flame!
It was a scroll of immolation.
You constrict the scorpion.
Flame seeps out of the scorpion.
You feel very sick.
The adder hisses angrily.
The scorpion is engulfed in blazing flames.
Flame seeps out of the scorpion.
The scorpion stings you.
You barely miss the scorpion.
You squeeze the scorpion, but do no damage.
The scorpion is almost dead.
You constrict the scorpion.
Flame seeps out of the scorpion.
* * * LOW HITPOINT WARNING * * *
You feel very sick.
The scorpion is engulfed in blazing flames.
The scorpion explodes!
The fiery explosion engulfs you!!
Ouch! That really hurt!
You die...

##.##
#......# #...
#......# ....
#......# #..
......# #..
...S.## #.#
..... #s#
#..# #.#
####..# #.#
#.○@..#
#.#####§#§..#
#.#...#.#...#
#.....s.##..#
##.(.>......#
#............
##...###...##
##### ...#
...#


You could see an adder (inner flame).

Vanquished Creatures
  A scorpion (D:4)
1 creature vanquished.

Notes
Turn   | Place    | Note
-------+----------+-------------------------------------------
     0 | D:5      | croobank the Octopode Delver began the quest for the Orb.
     0 | D:5      | Reached XP level 1. HP: 16/16 MP: 1/1
    10 | D:6      | Noticed a hound
    10 | D:6      | Noticed a sky beast
    13 | D:6      | Found a snail-covered altar of Cheibriados.
    19 | D:6      | Noticed a phantom
    40 | D:7      | Noticed a jelly
    40 | D:7      | Noticed a black bear
    40 | D:7      | Noticed an iguana
    83 | D:5      | Noticed an orc wizard
    97 | D:5      | Found a shadowy altar of Dithmenos.
   149 | D:5      | Noticed a scorpion
   228 | D:4      | Noticed a scorpion
   250 | D:4      | Killed a scorpion
   250 | D:4      | Killed by an exploding scorpion... ignited by their inner
                  | flame

Illustrated notes

Levels and vault maps discovered:
D:4:      layout_loops_cross, kiku_gazebo_pond_becter, serial_shops,
          nicolae_shop_stone
D:5:      layout_loops_corners, nicolae_overflow_hidden_temple,
          overflow_temple_1_default, vehumet_statue
D:6:      layout_loops_ring, led_xom_imps, cheibriados_altar_1, st_stairs_13
D:7:      cheibrodos_statue_roulette, layout_cave_pods,
          minmay_temple_entry_arrows, grunt_ministairs_1

Action                   || total
-------------------------++-------
Melee: Hand axe          ||     4
       Constrict         ||     1
       Tentacles         ||     1
  Use: Scroll            ||     3
       Potion            ||     1
Armor: Skin              ||     1
Dodge: Dodged            ||     4
